 Dungeon Crawl Stone Soup version 0.26.1-11-gd32895ea62 (webtiles) character file.

Game seed: 1428839136296590

256 phalm the Conjurer (level 5, -1/28 HPs)
             Began as a Deep Elf Conjurer on Apr 26, 2021.
             Slain by Duvessa
             ... wielding a +0 short sword
              (14 damage)
             ... on level 4 of the Dungeon.
             The game lasted 00:05:28 (3341 turns).

phalm the Conjurer (Deep Elf Conjurer)              Turns: 3341, Time: 00:05:28

Health: -1/28      AC:  3    Str:  4    XL:     5   Next: 92%
Magic:  1/12       EV: 13    Int: 24    God:
Gold:   186        SH:  0    Dex: 13    Spells: 4/11 levels left

rFire    . . .     SeeInvis .   i - +0 dagger (freeze)
rCold    . . .     Faith    .   (no shield)
rNeg     . . .     Spirit   .   a - +0 robe
rPois    .         Reflect  .   (no helmet)
rElec    .         Harm     .   (no cloak)
rCorr    .         Rampage  .   n - +0 pair of gloves (curse)
Will     .....                  (no boots)
Stlth    ++........             (no amulet)
HPRegen  0.09/turn              (no ring)
MPRegen  0.13/turn              (no ring)

@: no status effects
A: no striking features
a: no special abilities


You were on level 4 of the Dungeon.
You visited 1 branch of the dungeon, and saw 4 of its levels.

You collected 186 gold pieces.


   Skills:
 - Level 2.4 Dodging
 - Level 2.4 Stealth
 + Level 3.9 Spellcasting
 * Level 7.0 Conjurations
 * Level 2.7 Translocations


You had 4 spell levels left.
You knew the following spells:

 Your Spells              Type           Power        Failure   Level
m - Magic Dart            Conj           100%         1%          1
s - Searing Ray           Conj           76%          1%          2
X - Iskenderun's Mystic   Conj/Tloc      28%          13%         4

Your spell library contained the following spells:

 Spells                   Type           Power        Failure   Level
 Dazzling Flash           Conj/Hex       42%          7%          3
 Fulminant Prism          Conj/Hex       10%          24%         4

Inventory:

Hand Weapons
 i - a +0 dagger of freezing (weapon)
   (You found it on level 2 of the Dungeon)
Missiles
 b - 38 poisoned darts
Armour
 a - a +0 robe (worn)
 f - a +0 buckler
   (You found it on level 1 of the Dungeon)
 n - a cursed +0 pair of gloves (worn)
   (You found it on level 3 of the Dungeon)
Scrolls
 c - 5 scrolls of blinking {unknown}
 d - 2 scrolls of random uselessness {unknown}
 g - 4 scrolls of identify {unknown}
 j - a scroll of remove curse {unknown}
 m - a scroll of fear {unknown}
 q - a scroll of fog {unknown}
 r - a scroll of immolation {unknown}
 s - a scroll of noise {unknown}
Potions
 e - a potion of brilliance {unknown}
 h - a potion of haste {unknown}
 k - a potion of heal wounds {unknown}
 l - a potion of curing {@q1}
 o - 2 potions of mutation {unknown}
 p - a potion of magic {unknown}

Dungeon Overview and Level Annotations

Branches:
Dungeon (4/15)
 Temple: D:4-7

Altars:
Qazlal

Annotations:
D:4 Duvessa

##.. #.. ####...
#/. ### #..'...
#.##+# ♣P≈♣#.##...
#.# P≈♣ ♣P'..##..
#.# ♣≈♣#♣≈#..###.
#)# #♣≈♣≈♣##.# ##
#e# #♣≈≈≈♣#♣#.# #
#@##♣≈♣≈♣#♣P#.#
#..#≈♣#♣≈♣♣≈###
#..'P♣ #♣≈≈#######
##.##≈≈♣##'##.....
#.# ####.....###.
### ##....# ##
###### # # #


You could see Duvessa (berserk).


Message History

Aim: a worker ant (moderately wounded, 19% to evade)
The searing ray hits the worker ant!
You kill the worker ant! (Press . to maintain the ray.) 😎 MP[-2]
You lost 2 mp, and now have 6/12 mp. 😎 MP[-1]
You lost 1 mp, and now have 5/12 mp. 😎 MP[-1]
You lost 1 mp, and now have 4/12 mp.
There is an open door here.
You see here a worker ant corpse.
You open the door.
There is an open door here.
You open the door.
There is an open door here.
You enter the shallow water.
Moving in this stuff is going to be slow.
You now have 186 gold pieces (gained 14).
You open the door.
There is an open door here.
You enter the shallow water.
Moving in this stuff is going to be slow.
You open the door.
There is an open door here.
Duvessa and Dowan come into view.
Dowan shouts! 😎 MP[+8]
Your mp is fully restored (12).
The magic dart hits Duvessa. 😎 MP[-1]
You lost 1 mp, and now have 11/12 mp.
The magic dart hits Dowan. 😎 MP[-1]
You lost 1 mp, and now have 10/12 mp.
The magic dart hits Duvessa but does no damage.
Dowan casts a spell.
Dowan blinks! 😎 MP[-1]
You lost 1 mp, and now have 9/12 mp.
The magic dart hits Duvessa. 😎 MP[-1]
You lost 1 mp, and now have 8/12 mp.
The magic dart hits Duvessa but does no damage. 😎 MP[-1]
You lost 1 mp, and now have 7/12 mp.
Casting: Magic Dart (safe; 1% risk of failure)
Confirm with . or Enter, or press ? or * to list all spells.
Aiming: Searing Ray (safe; 1% risk of failure)
Press: ? - help, Shift-Dir - straight line, p - Duvessa The searing ray hits Duvessa. (Press . to maintain the ray.) 😎 MP[-2]
You lost 2 mp, and now have 5/12 mp.
The searing ray hits Duvessa but does no damage.
The searing ray hits Duvessa!
The searing ray hits Dowan! 😎 MP[-1]
You lost 1 mp, and now have 4/12 mp.
The searing ray hits Duvessa but does no damage.
The searing ray hits Dowan!
You finish channeling your searing ray.
Duvessa hits you with a +0 short sword! 😮 HP[-10] MP[-1]
You take 10 damage, and now have 18/28 hp.
MASSIVE DAMAGE!! (PAUSE)
You lost 1 mp, and now have 3/12 mp.
Casting: Searing Ray (safe; 1% risk of failure)
Confirm with . or Enter, or press ? or * to list all spells.
Aiming: Searing Ray (safe; 1% risk of failure)
Press: ? - help, Shift-Dir - straight line The searing ray hits Duvessa.
The searing ray hits Dowan!
You kill Dowan!
Duvessa screams in rage.
Duvessa goes berserk! (Press . to maintain the ray.) Duvessa misses you.
Duvessa hits you but does no damage.
Your Conjurations skill increases to level 7! 😮 MP[-2]
You lost 2 mp, and now have 1/12 mp.
The searing ray hits Duvessa.
Duvessa hits you but does no damage. 😮 MP[-1]
You lost 1 mp, and now have 0/12 mp.
Without enough magic to sustain it, your searing ray dissipates.
Duvessa barely misses you. x2
Okay, then.
Okay, then.
You aren't carrying any items that you can evoke.
You hit Duvessa but do no damage. Duvessa hits you with a +0 short sword!
Ouch! That really hurt!
* * * LOW HITPOINT WARNING * * *
😱 HP[-15]
You take 15 damage, and now have 3/28 hp.
MASSIVE DAMAGE!! (PAUSE) It was a potion of curing.
You feel better. Duvessa hits you but does no damage.
Duvessa hits you with a +0 short sword.
* * * LOW HITPOINT WARNING * * *
😨 HP[+10]
You regained 10 hp, and now have 13/28 hp.
You hit Duvessa but do no damage. Duvessa hits you with a +0 short sword!
Ouch! That really hurt!
You die...

Skill      XL: |  1  2  3  4  5 |
---------------+----------------+-----
Conjurations   | 5 6 7 |  7.0
Translocations | 1 2 |  2.7
Dodging        | |  2.4
Stealth        | |  2.4
Spellcasting   | |  3.9

Action                   |  1- 3 |  4- 6 || total
-------------------------+-------+-------++-------
Melee: Short sword       |     3 |       ||     3
       Dagger            |       |     2 ||     2
Throw: Dart              |     5 |       ||     5
 Cast: Magic Dart        |    68 |    59 ||   127
       Searing Ray       |     1 |     3 ||     4
  Use: Potion            |       |     1 ||     1
Armor: Robe              |       |     1 ||     1
Dodge: Dodged            |     4 |     3 ||     7

Levels and vault maps discovered:
D:1:      dpeg_arrival_prison, layout_basic
D:2:      layout_loops_ring, minmay_misc_feat_secret_circle
D:3:      layout_loops_ring, nicolae_qazlal_eye_of_the_storm
D:4:      layout_loops_corners, kennysheep_little_box, saegor_snake_ambush,
          uniq_natasha, uniq_duvessa

Notes
Turn   | Place    | Note
-------+----------+-------------------------------------------
     0 | D:1      | phalm the Deep Elf Conjurer began the quest for the Orb.
     0 | D:1      | Reached XP level 1. HP: 10/10 MP: 6/6
     0 | D:1      | magus.rc [v1.9.10]
    90 | D:1      | magus.rc [v1.9.10]
   194 | D:1      | Reached XP level 2. HP: 15/15 MP: 6/8
   197 | D:1      | Learned a level 2 spell: Searing Ray
   367 | D:1      | Reached skill level 5 in Conjurations
  1091 | D:1      | Reached XP level 3. HP: 19/19 MP: 7/9
  1399 | D:2      | Reached skill level 6 in Conjurations
  1639 | D:2      | Reached XP level 4. HP: 24/24 MP: 6/10
  1795 | D:2      | Learned a level 4 spell: Iskenderun's Mystic Blast
  2461 | D:3      | Reached skill level 1 in Translocations
  2749 | D:3      | Found a stormy altar of Qazlal.
  2865 | D:4      | Reached XP level 5. HP: 28/28 MP: 5/12
  3015 | D:4      | Reached skill level 2 in Translocations
  3326 | D:4      | Noticed Duvessa
  3326 | D:4      | Noticed Dowan
  3336 | D:4      | Killed Dowan
  3337 | D:4      | Reached skill level 7 in Conjurations
  3339 | D:4      | HP: 3/28 [Duvessa/+0 short sword (15)]
  3341 | D:4      | Slain by Duvessa

Vanquished Creatures
  Dowan (D:4)
  A hound (D:4)
  2 worker ants (D:4)
  6 adders
  An ooze (D:2)
  An adder skeleton (D:2)
  2 worms (D:2)
  2 leopard geckos (D:1)
  An orc (D:3)
  7 bats
  5 giant cockroaches
  3 hobgoblins
  12 jackals (D:1)
  5 kobolds
  A quokka (D:3)
  3 frilled lizards
  A jackal zombie (D:4)
  10 rats
64 creatures vanquished.

Table legend:
 A = Non-vault XP
 B = Vault XP
 C = Vault XP percentage of total XP
 D = Non-vault monster count
 E = Vault monster count
 F = Vault count percentage of total count
                 A         B        C        D         E       F
            +---------+---------+-------+---------+---------+-------
      Total |     293 |      74 |  20.2 |      62 |       2 |   3.1
            +---------+---------+-------+---------+---------+-------
        D:1 |      51 |       2 |   3.8 |      28 |       1 |   3.4
        D:2 |      75 |       0 |   0.0 |      18 |       0 |   0.0
        D:3 |      40 |       0 |   0.0 |      10 |       0 |   0.0
        D:4 |     127 |      72 |  36.2 |       6 |       1 |  14.3
            +---------+---------+-------+---------+---------+-------

Illustrated notes

Table legend:
 A = Kills in this place as a percentage of kills in entire the game.
 B = Kills by you in this place as a percentage of kills by you in the entire game.
 C = Kills by friends in this place as a percentage of kills by friends in the entire game.
 D = Other kills in this place as a percentage of other kills in the entire game.
 E = Experience gained in this place as a percentage of experience gained in the entire game.
 F = Experience gained in this place divided by the number of levels of this place that you have seen.
                   A       B       C       D       E      F
               +-------+-------+-------+-------+-------+----------------------
         Total | 100.0 | 100.0 |   N/A |   N/A | 100.0 |  91.8
       Dungeon | 100.0 | 100.0 |   N/A |   N/A | 100.0 |  91.8
               +-------+-------+-------+-------+-------+----------------------

Table legend: (Time is in decaauts)
 A = Elapsed time spent in this place.
 B = Non-inter-level travel time spent in this place.
 C = Inter-level travel time spent in this place.
 D = Time resting spent in this place.
 E = Time spent auto-exploring this place.
 F = Levels seen in this place.
 G = Mean time per level.
                   A        B        C        D        E       F      G
               +--------+--------+--------+--------+--------+-----+--------+
         Total |   3349 |   3296 |     53 |      0 |   3026 |   4 |  837.2 |
       Dungeon |   3349 |   3296 |     53 |      0 |   3026 |   4 |  837.2 |
               +--------+--------+--------+--------+--------+-----+--------+

Top non-repeatable levels by time:
     D:1: 1261 daAuts
     D:2: 872 daAuts
     D:3: 720 daAuts
     D:4: 494 daAuts
